 Dungeon Crawl Stone Soup version 0.29.1-14-g9c671dbff4 (webtiles) character file.

Game seed: 5739062491207834825

1001 H0rd4k the Insei (level 8, -4/54 HPs)
             Began as an Octopode Artificer on Feb 13, 2023.
             Slain by an orc
             ... wielding a +0 trident
              (7 damage)
             ... on level 7 of the Dungeon.
             The game lasted 00:07:20 (8457 turns).

H0rd4k the Insei (Octopode Artificer)               Turns: 8457, Time: 00:07:21

Health: -4/54      AC:  1    Str: 12    XL:     8   Next: 20%
Magic:  13/13      EV: 13    Int: 21    God:
Gold:   540        SH:  0    Dex: 12    Spells: 14/14 levels left

rFire   x . .      SeeInvis +     - Unarmed
rCold   + . .      Faith    .   (no shield)
rNeg    . . .      Spirit   .   (helmet restricted)
rPois   .          Reflect  .   c - amulet of magic regeneration
rElec   .          Harm     .   e - +6 ring of intelligence
rCorr   .          Rampage  .   u - ring of ice
Will    .....                   w - ring of see invisible
Stlth   +++.......              (no ring)
HPRegen 0.18/turn               (no ring)
MPRegen 0.53/turn               (no ring)
                                (no ring)
                                (no ring)

@: no status effects
A: almost no armour, amphibious, 8 rings, camouflage 1, gelatinous body 1,
(nimble swimmer 1), tentacles
a: no special abilities


You were on level 7 of the Dungeon.
You visited 1 branch of the dungeon, and saw 7 of its levels.
You also visited: Ossuary.

You collected 540 gold pieces.

Inventory:

Missiles
 n - 10 poisoned darts (quivered)
 y - 3 curare-tipped darts
Armour
 b - an orb of mayhem
Jewellery
 c - an amulet of magic regeneration (around mantle)
 e - a +6 ring of intelligence (left tentacle)
 u - a ring of ice (right tentacle)
 w - a ring of see invisible (on tentacle)
Wands
 D - a wand of polymorph (3)
Scrolls
 a - 2 scrolls of immolation {unknown}
 f - a scroll of summoning {unknown}
 h - a scroll of amnesia {unknown}
 j - 8 scrolls of identify {unknown}
 k - a scroll of butterflies {unknown}
 m - 6 scrolls of teleportation {unknown}
 o - 2 scrolls of poison {unknown}
 p - 2 scrolls of blinking {unknown}
 r - a scroll of noise {unknown}
 v - 2 scrolls of fear {unknown}
 x - a scroll of vulnerability {unknown}
 A - a scroll of enchant armour {unknown}
Potions
 d - a potion of degeneration {unknown}
 g - a potion of haste
 i - 2 potions of curing
 l - 6 potions of heal wounds {unknown}
 q - 2 potions of lignification {unknown}
 s - 2 potions of brilliance {unknown}
 t - a potion of might {unknown}
 z - 2 potions of ambrosia {unknown}
 B - 2 potions of mutation {unknown}
 C - 2 potions of flight {unknown}
 E - a potion of resistance


   Skills:
 + Level 4.4 Fighting
 + Level 1.9 Throwing
 - Level 2.3 Dodging
 - Level 1.3 Stealth
 - Level 6.2 Unarmed Combat
 * Level 3.8 Spellcasting
 - Level 3.2 Evocations


You had 14 spell levels left.
You didn't know any spells.
Your spell library contained the following spells:

 Spells                   Type           Power      Damage    Failure   Level
 Summon Small Mammal      Summ           16%        N/A       12%         1
 Ensorcelled Hibernation  Hex/Ice        12%        N/A       19%         2
 Call Canine Familiar     Summ           4%         N/A       36%         3
 Spider Form              Tmut/Pois      4%         N/A       36%         3
 Summon Guardian Golem    Hex/Summ       4%         N/A       36%         3
 Anguish                  Hex/Necr       2%         N/A       77%         4


Dungeon Overview and Level Annotations

Branches:
Dungeon (7/15)            Ossuary (visited)
 Temple: D:4-7

Altars:
Cheibriados
Hepliaklqana
Nemelex Xobeh
Wu Jian
Yredelemnul
The Shining One

Annotations:
D:6 1 runed translucent door, exclusion: door, Crazy Yiuf, Eustachio


Innate Abilities, Weirdness & Mutations

You cannot wear most types of armour.
You are amphibious.
You can wear up to eight rings at the same time.
Your skin changes colour to match your surroundings (Stealth+).
Your rubbery body absorbs attacks. (AC +1, EV +1)
((You are camouflaged when in or above water. (Stealth+)))
You have tentacles for arms and can constrict up to eight enemies at once.


Message History

The orc is moderately wounded.
The orc closely misses you.
The orc hits you from afar with a +0 trident.
You barely miss the orc. You grab the orc. You squeeze the orc.
You kill the orc!
The orc hits you from afar with a +0 trident.
Things that are here:
a +0 flail; a +0 hand axe; a +0 ring mail The orc hits you from afar with a +0 trident.
You closely miss the orc. You grab the orc. You squeeze the orc.
The orc is heavily wounded.
You constrict the orc. You tentacle-slap the orc.
You kill the orc!
The orc hits you from afar with a +0 trident.
You bludgeon the orc priest! You grab the orc priest.
The orc priest is heavily wounded.
You constrict the orc priest, but do no damage.
The orc closely misses you. The orc priest closely misses you.
You tentacle-slap the orc priest but do no damage.
The orc priest is heavily wounded.
You constrict the orc priest. The orc closely misses you.
The orc priest closely misses you.
You tentacle-slap the orc priest but do no damage.
The orc priest is heavily wounded.
You constrict the orc priest.
The orc hits you from afar with a +0 trident!
* * * LOW HITPOINT WARNING * * *
The orc priest hits you with a +0 dagger.
* * * LOW HITPOINT WARNING * * *
You tentacle-slap the orc priest.
The orc priest is severely wounded.
You constrict the orc priest, but do no damage.
The orc hits you from afar with a +0 trident.
* * * LOW HITPOINT WARNING * * *
The orc priest barely misses you.
You bludgeon the orc priest!
You kill the orc priest!
The orc hits you from afar with a +0 trident!
You die...

#####.....#...###
#.........#
#.#.#.##..#
#.#.#.##..#
#.........#
###.#.###.#
#.#.....#
#####.#######
#......@)o#
#.###.###.# #.#
#......# ..#
#......# ##.#
#........ ...
#......## ...
#......# ..
..##..... ###
..###


You could see an orc.

Vanquished Creatures
  A black bear (D:5)
  An ogre (D:6)
  A centaur (D:5)
  2 necrophages
  3 hounds
  3 jellies
  An orc priest (D:7)
  An iguana (D:6)
  An orc wizard (D:4)
  Natasha (thrice) (D:2)
  7 mummies
  Robin (D:2)
  A gnoll (D:1)
  5 adders
  A white imp (D:5)
  2 ufetubi (D:5)
  2 dart slugs
  10 orcs
  2 ball pythons
  4 bats
  5 endoplasms
  A giant cockroach (D:3)
  2 gnoll zombies (Ossuary)
  19 goblins
  10 kobolds
  3 quokkas
  6 frilled lizards
  2 hobgoblin zombies (Ossuary)
  A kobold zombie (Ossuary)
  3 orc zombies (Ossuary)
  4 rats
108 creatures vanquished.

Vanquished Creatures (collateral kills)
  An orc wizard (D:4)
  A mummy (Ossuary)
  2 adders (D:5)
  A dart slug (D:4)
  2 orcs (D:4)
  A giant cockroach (D:4)
  A kobold (D:4)
  A quokka (D:5)
10 creatures vanquished.

Vanquished Creatures (others)
  A mummy (Ossuary)
  An orc (D:4)
  2 plants (D:5)
4 creatures vanquished.

Grand Total: 122 creatures vanquished

Notes
Turn   | Place    | Note
-------+----------+-------------------------------------------
     0 | D:1      | H0rd4k the Octopode Artificer began the quest for the Orb.
     0 | D:1      | Reached XP level 1. HP: 13/13 MP: 1/1
   214 | D:1      | Reached XP level 2. HP: 11/18 MP: 2/2
   443 | D:1      | Reached skill level 1 in Spellcasting
   457 | D:1      | Reached XP level 3. HP: 19/24 MP: 4/4
  1294 | D:2      | Noticed Natasha
  1305 | D:2      | HP: 1/24 [Natasha (6)]
  1306 | D:2      | Killed Natasha
  1307 | D:2      | Reached skill level 1 in Unarmed Combat
  1611 | D:2      | Reached XP level 4. HP: 30/30 MP: 6/6
  1775 | D:2      | Noticed Robin
  1776 | D:2      | Killed Robin
  2070 | D:2      | Noticed Natasha
  2192 | D:2      | Killed Natasha
  2193 | D:2      | Reached skill level 2 in Unarmed Combat
  2441 | D:2      | Noticed Natasha
  2450 | D:2      | Killed Natasha
  2451 | D:2      | Reached XP level 5. HP: 24/36 MP: 8/8
  3555 | D:3      | Found a sparkling altar of Nemelex Xobeh.
  3559 | D:3      | Identified the +0 ring mail of Yneq {rElec rPois rC+ Dex-2}
  3800 | D:3      | Found a glowing golden altar of the Shining One.
  3802 | D:3      | Noticed an angel
  3812 | D:3      | Found a basalt altar of Yredelemnul.
  3814 | D:3      | Noticed a profane servitor
  4497 | D:4      | Reached skill level 3 in Unarmed Combat
  4497 | D:4      | Reached XP level 6. HP: 15/39 MP: 9/9
  5606 | D:5      | Entered Level 5 of the Dungeon
  5606 | D:5      | Found a hazy altar of Hepliaklqana.
  5618 | D:5      | Reached skill level 4 in Unarmed Combat
  5734 | D:5      | HP: 2/42 [acid (9)]
  5736 | D:5      | Reached XP level 7. HP: 3/47 MP: 11/11
  6267 | D:6      | Reached skill level 5 in Unarmed Combat
  6332 | D:6      | Found an ornate altar of the Wu Jian Council.
  6361 | D:6      | Found a sand-covered staircase.
  6367 | Ossuary  | Entered an ossuary
  7216 | D:6      | Noticed Eustachio
  7721 | D:5      | Reached skill level 1 in Throwing
  7721 | D:5      | Reached XP level 8. HP: 27/54 MP: 13/13
  7729 | D:5      | Reached skill level 6 in Unarmed Combat
  8072 | D:6      | Found a snail-covered altar of Cheibriados.
  8203 | D:6      | Found a runed translucent door.
  8204 | D:6      | Noticed Crazy Yiuf
  8457 | D:7      | Slain by an orc

Illustrated notes

Levels and vault maps discovered:
D:1:      evilmike_arrival_rings, layout_basic
D:2:      layout_basic, minmay_tromino_v7, uniq_natasha, uniq_robin
D:3:      layout_loops_ring, grunt_temple_overflow_holy_war,
          mainiacjoe_overflow_24_doors
D:4:      layout_basic
D:5:      layout_cave_pools, mainiacjoe_overflow_catwalk, serial_bayou_pond_a
D:6:      layout_cave_pools, chei_slow_surprise, lemuel_round_altar,
          nicolae_ossuary_entry_giza, corexii_item_surrounded_by_moat,
          uniq_eustachio, uniq_crazy_yiuf_cottage
D:7:      kennysheep_kobold_camp, layout_loops_corners,
          minmay_temple_entry_enclosed_plants, st_stairs_4,
          kennysheep_generic_room_3, uniq_duvessa

Skill      XL: |  1  2  3  4  5  6  7  8 |
---------------+-------------------------+-----
Fighting       | 2 3 4 |  4.4
Spellcasting   | 1 2 3 |  3.8
Unarmed Combat | 1 2 3 4 5 6 |  6.2
Throwing       | 1 |  1.9
Dodging        | |  2.3
Stealth        | |  1.3
Evocations     | |  3.2

Action                   |  1- 3 |  4- 6 |  7- 9 || total
-------------------------+-------+-------+-------++-------
Melee: Unarmed           |    63 |   111 |    95 ||   269
       Constrict         |    13 |    26 |    25 ||    64
       Tentacles         |    12 |    23 |    33 ||    68
       Punch             |     1 |     1 |    10 ||    12
Throw: Dart              |       |       |    32 ||    32
Evoke: Wand              |     3 |    19 |    14 ||    36
  Use: Potion            |       |     2 |     1 ||     3
 Stab: Sleeping          |     3 |    13 |     1 ||    17
Armor: Skin              |     8 |     4 |       ||    12
Dodge: Dodged            |    39 |    60 |    64 ||   163
